 Dungeon Crawl Stone Soup version 0.22-a0-159-g7ce444f (webtiles) character file.

1761 Azzok the Cleaver (level 9, -3/51 HPs)
             Began as a Gargoyle Fighter on Feb 9, 2018.
             Slain by Duvessa
             ... wielding a +2 short sword of protection
              (8 damage)
             ... on level 5 of the Dungeon.
             The game lasted 00:10:37 (4906 turns).

Azzok the Cleaver (Gargoyle Fighter)                Turns: 4906, Time: 00:10:37

Health: -3/51      AC: 16    Str: 27    XL:     9   Next: 7%
Magic:  9/9        EV:  8    Int:  9    God:
Gold:   250        SH:  0    Dex: 13    Spells: 8/8 levels left

rFire    . . .     SeeInvis .   t - +4 broad axe "Fulaunn" {holy, *Drain rElec Dex+4 Stlth+}
rCold    . . .     Gourm    .   (no shield)
rNeg     + . .     Faith    .   g - +0 chain mail
rPois    ∞         Spirit   .   r - +0 helmet
rElec    +         Reflect  .   (no cloak)
rCorr    .         Harm     .   (no gloves)
MR       +....                  (no boots)
Stlth    ..........             (no amulet)
HPRegen  0.17/turn              k - +4 ring of strength
MPRegen  0.11/turn              j - ring of protection from magic

@: no status effects
A: negative energy resistance 1, electricity resistance, unbreathing,
petrification resistance, rot immunity, AC +6
a: no special abilities


You were on level 5 of the Dungeon.
You were not hungry.

You visited 1 branch of the dungeon, and saw 5 of its levels.

You collected 250 gold pieces.

Inventory:

Hand Weapons
 a - a +0 war axe
 s - a +2 whip of flaming
 t - the +4 broad axe "Fulaunn" (weapon) {holy, *Drain rElec Dex+4 Stlth+}
   (You found it on level 5 of the Dungeon)

   It has been blessed by the Shining One to cause great damage to the undead
   and demons.
   It affects your dexterity (+4).
   It insulates you from electricity.
   It causes draining when unequipped.
   It makes you more stealthy.
 x - the +7 quarterstaff "Xafonn" {speed, rElec rF+ Str-2, unknown}
   (You found it on level 5 of the Dungeon)

   Attacks with this weapon are significantly faster.
   It affects your strength (-2).
   It protects you from fire.
   It insulates you from electricity.
Armour
 c - a +0 shield
 g - a +0 chain mail (worn)
 q - a -2 buckler
 r - a +0 helmet (worn)
Jewellery
 j - a ring of protection from magic (right hand)
 k - a +4 ring of strength (left hand)
 l - an uncursed ring of positive energy
Wands
 d - a wand of paralysis (6)
 n - a wand of digging (22)
Scrolls
 i - 4 scrolls of identify
 o - 2 scrolls of teleportation
Potions
 b - 2 potions of magic {unknown}
 e - 3 potions of heal wounds {unknown}
 h - a potion of cancellation {unknown}
 m - 3 potions of agility {unknown}
 p - 2 potions of curing {unknown}
 v - 2 potions of haste {unknown}
 w - a potion of degeneration {unknown}
Comestibles
 f - 7 rations
 u - 2 chunks of flesh


   Skills:
 - Level 3.2 Fighting
 * Level 10.5 Axes
 - Level 3.2 Armour
 - Level 3.2 Shields


You had 8 spell levels left.
You didn't know any spells.

Dungeon Overview and Level Annotations

Branches:
Dungeon (5/15)
 Temple: D:4-7

Altars:
Yredelemnul

Annotations:
D:5 1 runed door, Duvessa


Innate Abilities, Weirdness & Mutations

You are resistant to torment.
Your stone body is resilient. (AC +6)
You are immune to poison.
You resist negative energy. (rN+)
You are resistant to electric shocks. (rElec)
You can survive without breathing.
You are immune to petrification.
You are immune to rotting.


Message History

Duvessa is severely wounded.
Duvessa hits you with a short sword of protection.
Duvessa closely misses you.
You closely miss Duvessa.
Duvessa is severely wounded.
Duvessa hits you with a short sword of protection!
You closely miss Duvessa.
Duvessa is severely wounded.
Duvessa hits you but does no damage.
Duvessa hits you with a short sword of protection.
You slash Duvessa!
Duvessa is almost dead.
Duvessa hits you with a short sword of protection!
* * * LOW HITPOINT WARNING * * *
Duvessa hits you with a short sword of protection.
* * * LOW HITPOINT WARNING * * *
You closely miss Duvessa.
Duvessa is almost dead.
Duvessa hits you with a short sword of protection!
You die...

▒·····▒········▒▒···▒
▒·····▒·············▒
▒·····▒·············▒
'▒▒▒▒········▒
▒········▒ ▒········▒
···▒········▒
····'········▒
····▒···)@···▒
····▒····e···▒ ···
▒········▒ ···
▒········▒ ▒········▒
▒········▒ ▒········▒
▒▒▒▒▒▒▒▒▒▒


You could see Duvessa (berserk).

Vanquished Creatures
  Pikel (D:5)
  Eustachio (D:4)
  Menkaure (D:4)
  Edmund (D:4)
  A slave (D:5)
  A necrophage (D:5)
  A centaur (D:4)
  A scorpion (D:5)
  Dowan (D:5)
  2 howler monkeys (D:5)
  2 crimson imps (D:5)
  2 hounds
  An orc wizard (D:3)
  2 iguanas
  2 worker ants
  A hound zombie (D:5)
  A hound skeleton (D:4)
  Robin (D:4)
  8 adders
  8 gnolls
  An adder skeleton (D:4)
  3 worms (D:2)
  2 dart slugs (D:4)
  2 leopard geckos
  9 orcs
  4 bats
  2 giant cockroaches
  23 goblins
  6 hobgoblins
  7 jackals
  10 kobolds
  3 quokkas
  2 ball pythons
  4 frilled lizards
  A goblin skeleton (D:5)
  3 rats (D:1)
121 creatures vanquished.

Vanquished Creatures (others)
  A slave (D:5)
  A scorpion (D:5)
  A bullfrog skeleton (D:5)
  A worker ant (D:5)
  An orc (D:5)
  A jackal (D:5)
6 creatures vanquished.

Grand Total: 127 creatures vanquished

Notes
Turn   | Place    | Note
-------+----------+-------------------------------------------
     0 | D:1      | Azzok the Gargoyle Fighter began the quest for the Orb.
     0 | D:1      | Reached XP level 1. HP: 14/14 MP: 1/1
    11 | D:1      | Reached skill level 2 in Axes
   189 | D:1      | Reached XP level 2. HP: 13/19 MP: 2/2
   592 | D:1      | Reached skill level 3 in Axes
   693 | D:1      | Reached XP level 3. HP: 23/23 MP: 3/3
  1386 | D:2      | Reached XP level 4. HP: 28/28 MP: 4/4
  1557 | D:2      | Reached skill level 4 in Axes
  1810 | D:3      | HP: 1/28 [gnoll/spear (2)]
  1811 | D:3      | Reached XP level 5. HP: 1/32 MP: 5/5
  2283 | D:3      | Reached skill level 5 in Axes
  2966 | D:4      | Noticed Edmund
  2976 | D:4      | Reached XP level 6. HP: 37/37 MP: 6/6
  2999 | D:4      | Killed Edmund
  2999 | D:4      | Reached skill level 6 in Axes
  3210 | D:4      | Noticed Robin
  3252 | D:4      | Killed Robin
  3464 | D:4      | Reached XP level 7. HP: 34/41 MP: 7/7
  3465 | D:4      | Noticed Menkaure
  3476 | D:4      | Killed Menkaure
  3476 | D:4      | Reached skill level 7 in Axes
  3883 | D:4      | Noticed Eustachio
  4028 | D:4      | Killed Eustachio
  4028 | D:4      | Reached skill level 8 in Axes
  4175 | D:5      | Entered Level 5 of the Dungeon
  4194 | D:5      | Reached XP level 8. HP: 43/46 MP: 8/8
  4223 | D:5      | Got a translucent broad axe
  4224 | D:5      | Identified the +4 broad axe "Fulaunn" {holy, *Drain rElec Dex+4 Stlth+} (You found it on level 5 of the Dungeon)
  4225 | D:5      | Found a runed door.
  4238 | D:5      | Found a basalt altar of Yredelemnul.
  4252 | D:5      | Noticed Pikel
  4267 | D:5      | Killed Pikel
  4267 | D:5      | Reached skill level 9 in Axes
  4389 | D:5      | Reached skill level 10 in Axes
  4563 | D:5      | Got an encrusted quarterstaff
  4597 | D:5      | Reached XP level 9. HP: 49/51 MP: 9/9
  4889 | D:5      | Noticed Dowan
  4893 | D:5      | Noticed Duvessa
  4899 | D:5      | Killed Dowan
  4906 | D:5      | Slain by Duvessa

Vault maps used:
D:1:      dpeg_arrival_oval
D:3:      first_ration
D:4:      uniq_menkaure, uniq_edmund, uniq_eustachio, uniq_robin
D:5:      dk_yredelemnul_ordeal, uniq_duvessa, uniq_pikel

Skill      XL: |  1  2  3  4  5  6  7  8 |
---------------+-------------------------+-----
Axes           | 2 3 4 5 6 8 10 | 10.5
Fighting       | |  3.2
Armour         | |  3.2
Shields        | |  3.2

Action                   |  1- 3 |  4- 6 |  7- 9 || total
-------------------------+-------+-------+-------++-------
Melee: War axe           |   111 |   207 |    46 ||   364
       Broad axe         |       |       |    82 ||    82
Evoke: Wand              |       |       |     4 ||     4
  Use: Potion            |       |     2 |       ||     2
       Scroll            |       |     3 |     1 ||     4
 Stab: Paralysed         |       |       |     6 ||     6
  Eat: Chunk             |     2 |     7 |     4 ||    13
Armor: Scale mail        |    73 |    76 |       ||   149
       Chain mail        |       |    58 |    97 ||   155
Dodge: Dodged            |    68 |   131 |    77 ||   276

Table legend:
 A = Spawn XP
 B = Non-spawn XP
 C = Spawn XP percentage of total XP
 D = Spawn monster count
 E = Non-spawn monster count
 F = Spawn count percentage of total count
 G = Total turns spent on level
                    A         B        C        D         E        F      G
               +---------+---------+-------+---------+---------+-------+---------
         Total |       0 |    2517 |   0.0 |       0 |     120 |   0.0 |  4906
               +---------+---------+-------+---------+---------+-------+---------
           D:1 |       0 |      34 |   0.0 |       0 |      21 |   0.0 |  1112
           D:2 |       0 |      78 |   0.0 |       0 |      18 |   0.0 |   487
           D:3 |       0 |     160 |   0.0 |       0 |      25 |   0.0 |  1288
           D:4 |       0 |     878 |   0.0 |       0 |      27 |   0.0 |  1288
           D:5 |       0 |    1367 |   0.0 |       0 |      29 |   0.0 |   731
               +---------+---------+-------+---------+---------+-------+---------
